 Dungeon Crawl Stone Soup version 0.28.0 (webtiles) character file.

Game seed: 8358747120255581050

159 Host24 the Bolt Thrower (level 5, -3/32 HPs)
             Began as a Kobold Hunter on Feb 5, 2022.
             Killed from afar by Blork the orc (6 damage)
             ... with a magic dart
             ... on level 3 of the Dungeon.
             The game lasted 00:06:56 (5322 turns).

Host24 the Bolt Thrower (Kobold Hunter)             Turns: 5322, Time: 00:06:57

Health: -3/32      AC:  3    Str: 12    XL:     5   Next: 68%
Magic:  5/5        EV: 14    Int: 12    God:
Gold:   161        SH:  0    Dex: 15    Spells: 4/4 levels left

rFire   . . .      SeeInvis .   b - +0 short sword
rCold   . . .      Faith    .   (no shield)
rNeg    . . .      Spirit   .   c - +0 leather armour
rPois   .          Reflect  .   (no helmet)
rElec   .          Harm     .   (no cloak)
rCorr   .          Rampage  .   (no gloves)
Will    .....                   (no boots)
Stlth   +++.......              (no amulet)
HPRegen 0.10/turn               (no ring)
MPRegen 0.09/turn               (no ring)

@: no status effects
A: small, no large weapons, nightstalker 3
a: no special abilities


You were on level 3 of the Dungeon.
You visited 1 branch of the dungeon, and saw 4 of its levels.

You collected 161 gold pieces.

Inventory:

Hand Weapons
 a - a +1 hand crossbow
 b - a +0 short sword (weapon)
Missiles
 d - 56 bolts
 h - 171 stones (quivered)
 m - 5 sling bullets
 o - 37 arrows
Armour
 c - a +0 leather armour (worn)
 g - an orb of energy
Jewellery
 i - a ring of ice
Scrolls
 k - a scroll of fog {unknown}
 n - a scroll of teleportation {unknown}
 p - a scroll of magic mapping {unknown}
Potions
 e - a potion of lignification {unknown}
 f - a potion of magic {unknown}
 j - a potion of curing
 l - a potion of might {unknown}


   Skills:
 - Level 3.0 Fighting
 + Level 7.3 Crossbows
 - Level 3.0 Dodging
 - Level 1.3 Stealth


You had 4 spell levels left.
You didn't know any spells.
Your spell library contained the following spells:

 Spells                   Type           Power      Damage    Failure   Level
 Ignite Poison            Fire/Tmut/Pois 0%         N/A       77%         3
 Mephitic Cloud           Conj/Pois/Air  0%         N/A       77%         3
 Freezing Cloud           Conj/Ice/Air   0%         6-21      100%        5


Dungeon Overview and Level Annotations

Branches:
Dungeon (4/15)
 Temple: D:4-7

Altars:

Annotations:
D:2 Sigmund
D:3 Blork the orc


Innate Abilities, Weirdness & Mutations

You are small and have problems with some larger weapons.
You are completely attuned to the shadows.


Message History

Things that are here:
a +0 dagger; a kobold corpse
There is an open door here.
There is an open door here.
There is an open door here.
There is a stone staircase leading down here.
You climb downwards.
There is a stone staircase leading up here.
A phantom comes into view.
There is a stone staircase leading up here.
A goblin comes into view. It is wielding a +0 club.
Blork the orc comes into view.
He is wielding a +0 battleaxe.
The goblin shouts!
Blork the orc casts a spell.
Blork the orc seems to speed up.
Blork the orc gestures at you while chanting.
The puff of frost hits you.
Blork the orc points at you and mumbles some strange words.
The puff of frost misses you.
Blork the orc hits you with a +0 battleaxe!
Blork the orc closely misses you.
There is a stone staircase leading up here.
Okay, then.
It was a potion of curing.
You feel better.
Blork the orc hits you with a +0 battleaxe!
* * * LOW HITPOINT WARNING * * *
Unknown command.
Throw: 171 stones
Press: ? - help, Q - select action Shift-Dir - straight line, f - Blork the orc
Aim: Blork the orc, wielding a +0 battleaxe and wearing a +0 robe (fast, 63% to hit)
Okay, then.
Blork the orc closely misses you. Blork the orc barely misses you.
You climb upwards.
There is a stone staircase leading down here.
Blork the orc hits you with a +0 battleaxe.
* * * LOW HITPOINT WARNING * * *
Unknown command.
Blork the orc casts a spell at you. The magic dart hits you.
You die...

.....................'.........+.
#...###.#######...####.........##
#...# #.# #..## ##.......#..
#.### #.# #####.### ##....)##.#
#.# #.# #.......# ##...###.#
#.#####.# #.###.#.# ##'## #.#
........# #.# #...# #.# #..
#>####### #.# ##..# #.# ### #.#
#.# #@.# ##.## ..#
#.####o.#######...## ###
#.....>.#...)......####
######....#####........ ######
##.#.#### #####


You could see Blork the orc (fast).

Vanquished Creatures
  2 orc wizards (D:3)
  3 adders
  A worm (D:2)
  A dart slug (D:3)
  10 orcs (D:3)
  4 endoplasms
  5 giant cockroaches
  5 goblins
  8 hobgoblins
  4 jackals (D:2)
  4 quokkas
  4 ball pythons
  4 bats
  A frilled lizard (D:1)
  5 kobolds
  2 rats
63 creatures vanquished.

Notes
Turn   | Place    | Note
-------+----------+-------------------------------------------
     0 | D:1      | Host24 the Kobold Hunter began the quest for the Orb.
     0 | D:1      | Reached XP level 1. HP: 12/12 MP: 1/1
   163 | D:1      | Reached skill level 5 in Crossbows
   260 | D:1      | Reached XP level 2. HP: 15/18 MP: 2/2
  1043 | D:1      | Reached XP level 3. HP: 6/23 MP: 3/3
  1806 | D:2      | Found a faded altar of an unknown god.
  2030 | D:2      | Noticed Sigmund
  2264 | D:2      | Reached XP level 4. HP: 28/28 MP: 4/4
  3277 | D:3      | Reached skill level 6 in Crossbows
  3740 | D:3      | Reached XP level 5. HP: 28/32 MP: 5/5
  4866 | D:3      | Reached skill level 7 in Crossbows
  5281 | D:4      | Noticed a phantom
  5304 | D:4      | Noticed Blork the orc
  5322 | D:3      | Killed from afar by Blork the orc

Illustrated notes

Levels and vault maps discovered:
D:1:      minmay_arrival_checkered_box, layout_rooms, serial_bayou_lagoon_a
D:2:      layout_basic, hellmonk_ecumenical_altar_run_dry, uniq_sigmund
D:3:      layout_loops_corners
D:4:      layout_rooms, bloody_makhleb, vehumet_statue,
          minmay_temple_entry_stoned_glass, uniq_blork_the_orc, uniq_eustachio

Skill      XL: |  1  2  3  4  5 |
---------------+----------------+-----
Crossbows      | 5 6 7 |  7.3
Fighting       | 3 |  3.0
Dodging        | 3 |  3.0
Stealth        | |  1.3

Action                   |  1- 3 |  4- 6 || total
-------------------------+-------+-------++-------
Melee: Short sword       |   125 |    97 ||   222
       Punch             |     1 |     1 ||     2
 Fire: Hand crossbow     |    12 |    38 ||    50
Throw: Stone             |       |     1 ||     1
  Use: Potion            |       |     1 ||     1
 Stab: Sleeping          |    13 |     6 ||    19
Armor: Leather armour    |    22 |    24 ||    46
Dodge: Dodged            |   107 |   102 ||   209
